 Dungeon Crawl Stone Soup version 0.30.0-17-ge0270778cf (webtiles) character file.

Game seed: 4093920169182267374

1233 browni3141 the Thaumaturge (level 8, -4/56 HPs)
             Began as a Mummy Summoner on May 21, 2023.
             Was a Follower of Vehumet.
             Slain by a two-headed ogre
             ... wielding a +0 giant club
              (21 damage)
             ... on level 6 of the Dungeon.
             The game lasted 00:07:49 (5330 turns).

browni3141 the Thaumaturge (Mummy Summoner)         Turns: 5330, Time: 00:07:49

Health: -4/56      AC:  7    Str: 11    XL:     8   Next: 24%
Magic:  13/20      EV: 12    Int: 16    God:    Vehumet [*.....]
Gold:   258        SH:  5    Dex: 13    Spells: 14/23 levels left

rFire   x . .        e - +0 trident
rCold   + . .        (no shield)
rNeg    + + +        R - +0 leather armour
rPois   ∞            M - +0 helmet
rElec   .            (no cloak)
rCorr   .            S - +0 pair of gloves
SInv    .            L - +1 pair of boots
Will    +....        K - amulet of reflection
Stlth   ++           Q - ring of wizardry
HPRegen 0.29/turn    (no ring)
MPRegen 0.17/turn

%: reflection, faith, wizardry (x1)
@: no status effects
A: cold resistance 1, negative energy resistance 3, torment resistance 2, heat
vulnerability 1, in touch with death 1, no potions, faith
a: Renounce Religion


You were on level 6 of the Dungeon.
You worshipped Vehumet.
Vehumet was aware of your devotion.
You visited 1 branch of the dungeon, and saw 6 of its levels.

You collected 258 gold pieces.

Inventory:

Hand Weapons
 b - a +0 dagger
 e - a +0 trident (weapon)
 W - a +2 trident of freezing
Missiles
 J - 10 poisoned darts
 U - 5 curare-tipped darts
Armour
 a - a +0 robe
 c - a +0 pair of boots
 m - an orb of energy
 L - a +1 pair of boots (worn)
 M - a +0 helmet (worn)
 R - a +0 leather armour (worn)
 S - a +0 pair of gloves (worn)
Magical Staves
 g - a staff of earth
 i - a staff of poison
Jewellery
 K - an amulet of reflection (around neck)
 Q - a ring of wizardry (left hand)
Wands
 P - a wand of charming (7)
 T - a wand of mindburst (13)
 X - a wand of digging (4)
Scrolls
 d - 6 scrolls of teleportation {unknown}
 f - 8 scrolls of identify {unknown}
 h - 3 scrolls of fear {unknown}
 j - 2 scrolls of vulnerability {unknown}
 k - 2 scrolls of amnesia {unknown}
 l - 3 scrolls of fog {unknown}
 N - 2 scrolls of torment {unknown}
 O - 2 scrolls of enchant armour {unknown}
 V - a scroll of poison {unknown}


   Skills:
 - Level 2.0 Fighting
 - Level 2.2 Dodging
 - Level 2.3 Stealth
 + Level 8.3 Spellcasting
 + Level 6.3 Summonings


You had 14 spell levels left.
You knew the following spells:

 Your Spells              Type           Power      Damage    Failure   Level
a - Call Canine Familiar  Summ           26%        N/A       1%          3
g - Summon Guardian Gole  Hex/Summ       16%        N/A       4%          3
x - Call Imp              Summ           52%        N/A       1%          2
z - Summon Small Mammal   Summ           100%       N/A       1%          1

Your spell library contained the following spells:

 Spells                   Type           Power      Damage    Failure   Level
 Shock                    Conj/Air       24%        1d4       6%          1
 Apportation              Tloc           12%        N/A       6%          1
 Necrotise                Necr           40%        1d6       6%          1
 Gell's Gravitas          Tloc           6%         N/A       16%         3
 Teleport Other           Tloc           6%         N/A       16%         3
 Summon Lightning Spire   Summ/Air       16%        N/A       16%         4
 Dispersal                Tloc           3%         N/A       100%        6


Dungeon Overview and Level Annotations

Branches:
Dungeon (6/15)             Temple (0/1) D:4

Altars:
Fedhas
Qazlal
Vehumet

Shops:
D:2 (   D:3 (   D:4 *

Annotations:
D:3 Grinder


Innate Abilities, Weirdness & Mutations

You are immune to poison.
Your flesh is cold resistant. (rC+)
You are immune to negative energy. (rN+++)
You are immune to unholy pain and torment.
You are vulnerable to heat. (rF-)
You are in touch with the powers of death.
You do not drink.
You have a special connection with the divine. (Faith)


Message History

The phantom hits you but does no damage.
Something hits your guardian golem but does no damage.
Your cerulean imp barely misses the ogre.
The phantom barely misses you.
You climb upwards.
Your summoned ally is left behind.
Reactivating autopickup.
There is a stone staircase leading down here.
Casting: Call Imp (safe; 1% risk of failure)
Confirm with . or Enter, or press ? or * to list all spells.
The phantom hits you but does no damage.
Casting: Call Canine Familiar (safe; 1% risk of failure)
Confirm with . or Enter, or press ? or * to list all spells.
A tiny devil pulls itself out of the air.
The phantom misses you.
You closely miss the phantom. The phantom closely misses you.
You closely miss the phantom. The phantom hits you.
You closely miss the phantom. The phantom misses you. The phantom hits you.
The phantom blinks!
You blink.
You hit the phantom.
The phantom is lightly damaged.
Your cerulean imp hits the phantom with a -2 spear.
The phantom barely misses you.
Your hound bites the phantom but does no damage.
You puncture the phantom!
The phantom is heavily damaged.
Your hound bites the phantom.
Your cerulean imp barely misses the phantom.
You block the phantom's attack.
Your hound barely misses the phantom.
Your cerulean imp closely misses the phantom.
You barely miss the phantom.
The phantom is severely damaged.
Your hound barely misses the phantom.
The phantom misses you.
Your cerulean imp hits the phantom but does no damage.
Your hound bites the phantom.
You barely miss the phantom.
The phantom is severely damaged.
You block the phantom's attack.
Your hound bites the phantom.
Your cerulean imp barely misses the phantom.
The phantom hits your hound.
The phantom blinks!
Your hound blinks!
No target in view!
No target in view!
No target in view!
You swap places.
The phantom hits something.
The phantom blinks!
You swap places.
Your cerulean imp closely misses the phantom.
You block the phantom's attack.
You hit the phantom.
You destroy the phantom!
Vehumet accepts your kill.
You feel your power returning.
No target in view!
No target in view!
You swap places.
HP restored.
Magic restored.
Your cerulean imp disappears in a puff of smoke!
There is a stone staircase leading down here.
You climb downwards.
Your summoned ally is left behind.
There is a stone staircase leading up here.
X - a wand of digging (4)
A two-headed ogre comes into view.
It is wielding a +0 giant club and a +0 giant spiked club.
Casting: Call Imp (safe; 1% risk of failure)
Confirm with . or Enter, or press ? or * to list all spells.
A guardian golem appears, shielding your allies.
What are your orders? t - Shout!
Orders for allies: a - Attack new target. r - Retreat! s - Stop attacking. g - Guard the area. f - Follow me.
Anything else - Cancel.
Gang up on whom?
Press: ? - help, Dir - move target, f - two-headed ogre
Aim: a two-headed ogre, wielding a +0 giant club and a +0 giant spiked club (asleep, ally target) Attack!
The two-headed ogre shouts in stereo!
The two-headed ogre hits your guardian golem with a +0 giant club!!
The two-headed ogre hits your guardian golem with a +0 giant spiked club!
Your guardian golem overheats!
The two-headed ogre hits your guardian golem with a +0 giant club!
Your guardian golem disappears in a puff of smoke!
Your guardian golem explodes!
The fiery explosion engulfs the two-headed ogre!!
You hear a shout! x5
The two-headed ogre is engulfed in blazing flames.
Casting: Summon Guardian Golem (dangerous; 4% risk of failure)
Confirm with . or Enter, or press ? or * to list all spells.
A guardian golem appears, shielding your allies.
Casting: Summon Guardian Golem (dangerous; 4% risk of failure)
Confirm with . or Enter, or press ? or * to list all spells.
A guardian golem appears, shielding your allies.
Your guardian golem disappears in a puff of smoke!
You swap places.
The two-headed ogre hits you with a +0 giant club!!
The two-headed ogre barely misses you.
The two-headed ogre attacks as you move away!
The two-headed ogre hits you with a +0 giant club!
* * * LOW HITPOINT WARNING * * *
The two-headed ogre hits you with a +0 giant spiked club!!
You die...

#.....#......#...........#
..........##.##..##...#..###
.........###.##..###..#....##
########## #.##.###........!#
#....####.#..##..##
###...###...##....# ...# .
##.##.#..###...## ...#
....####O9......#..### ...#
...§.....@#..........# ...#
#####○....###......### ...#
...# #.......#.....## ...#
..... #.......##....#####
...#..O...
#.......#....###..##
..Y'W...f.
#...##.......5.#5..#
.l.#......
#.######.#........## ...#
Y...o ## ###........# ...#
..o# . #........###


You could see a two-headed ogre (ally target) and a friendly guardian golem
(summoned).

Vanquished Creatures
  2 phantoms (D:5)
  2 scorpions
  Dowan (D:6)
  3 hounds
  A jelly (D:5)
  An iguana (D:5)
  3 adders
  A gnoll (D:1)
  A shadow imp (D:6)
  A worm (D:2)
  3 dart slugs
  9 orcs
  4 ball pythons
  2 endoplasms
  2 giant cockroaches
  6 goblins
  4 hobgoblins
  7 kobolds
  7 bats
  2 rats (D:2)
62 creatures vanquished.

Vanquished Creatures (collateral kills)
  An ogre (D:4)
  A centaur (D:6)
  A gnoll sergeant (D:6)
  A jelly (D:5)
  An iguana (D:6)
  A sleepcap (D:5)
  2 orc wizards (D:5)
  Robin (D:3)
  4 adders
  3 worms
  A dart slug (D:3)
  6 orcs
  4 endoplasms
  12 goblins
  5 hobgoblins
  2 kobolds
  A quokka (D:1)
  2 ball pythons
  2 bats
  2 rats
53 creatures vanquished.

Vanquished Creatures (others)
  Duvessa (D:6)
  A black bear (D:6)
2 creatures vanquished.

Grand Total: 117 creatures vanquished

Notes
Turn   | Place    | Note
-------+----------+-------------------------------------------
     0 | D:1      | browni3141 the Mummy Summoner began the quest for the Orb.
     0 | D:1      | Reached XP level 1. HP: 13/13 MP: 4/4
   176 | D:1      | Reached XP level 2. HP: 18/19 MP: 3/5
   179 | D:1      | Learned a level 2 spell: Call Imp
   236 | D:1      | Reached skill level 3 in Spellcasting
   390 | D:1      | Gained mutation: You are in touch with the powers of death.
                  | [Mummy growth]
   390 | D:1      | Reached XP level 3. HP: 21/24 MP: 7/7
   893 | D:1      | Found a stormy altar of Qazlal.
  1284 | D:2      | Reached XP level 4. HP: 16/30 MP: 6/9
  1291 | D:2      | Learned a level 3 spell: Call Canine Familiar
  1295 | D:2      | Learned a level 3 spell: Summon Guardian Golem
  1513 | D:2      | Found Mil Pimy's Weapon Boutique.
  1864 | D:3      | Found Itwyq's Antique Weapon Emporium.
  2043 | D:3      | Noticed Robin
  2069 | D:3      | Reached skill level 4 in Spellcasting
  2074 | D:3      | Killed Robin
  2075 | D:3      | Reached XP level 5. HP: 31/37 MP: 3/11
  2202 | D:3      | Found a faded altar of an unknown god.
  2411 | D:3      | Found a blossoming altar of Fedhas.
  2416 | D:3      | Found a radiant altar of Vehumet.
  2534 | D:3      | Noticed Grinder
  2741 | D:3      | Became a worshipper of Vehumet
  2875 | D:4      | Found the +10 Black Knight's barding {ponderous, rPois rN+}
  3203 | D:4      | Noticed an ogre
  3224 | D:4      | Killed an ogre
  3263 | D:4      | Found Tywkaruw's Mayhem Merchandise.
  3267 | D:4      | Reached skill level 5 in Spellcasting
  3267 | D:4      | Reached XP level 6. HP: 40/44 MP: 10/13
  3307 | D:4      | Found a staircase to the Ecumenical Temple.
  3710 | D:5      | Entered Level 5 of the Dungeon
  4357 | D:5      | Reached skill level 6 in Spellcasting
  4357 | D:5      | Reached XP level 7. HP: 45/50 MP: 10/16
  4420 | D:5      | Reached * piety under Vehumet
  4420 | D:5      | Offered knowledge of Shock by Vehumet.
  4755 | D:6      | Reached skill level 7 in Spellcasting
  4904 | D:6      | Noticed Duvessa
  4911 | D:6      | Noticed Dowan
  4932 | D:6      | Killed Dowan
  4933 | D:6      | Killed Duvessa
  4934 | D:6      | Reached skill level 6 in Summonings
  4934 | D:6      | Reached XP level 8. HP: 44/56 MP: 8/19
  5167 | D:6      | Reached skill level 8 in Spellcasting
  5315 | D:6      | Noticed a two-headed ogre
  5330 | D:6      | Slain by a two-headed ogre

Illustrated notes

Levels and vault maps discovered:
D:1:      dpeg_arrival_water_altar, layout_basic
D:2:      layout_rooms, serial_shops, nicolae_shop_hallway_stairs,
          minmay_fractal_squares_5
D:3:      layout_basic, grunt_temple_overflow_diamond, serial_shops, shop,
          ebering_ecumenical_altar_mist, uniq_robin, uniq_grinder
D:4:      layout_basic, minmay_temple_entry_butterflies, serial_rivers,
          chequers_serial_rivers_micro_d, chequers_serial_rivers_room_b,
          chequers_serial_rivers_small_b, chequers_serial_rivers_micro_a,
          minmay_shop_mayhem, chequers_serial_rivers_large_a,
          kennysheep_diamond, guppyfry_early_lair_pool
D:5:      layout_loops_ring
D:6:      minmay_opposing_rooms, layout_cave_pools, uniq_duvessa

Skill      XL: |  1  2  3  4  5  6  7  8 |
---------------+-------------------------+-----
Spellcasting   | 3 4 5 6 7 8 |  8.3
Stealth        | 2 |  2.3
Dodging        | 2 |  2.2
Fighting       | 1 2 |  2.0
Summonings     | 4 6 |  6.3

Action                     |  1- 3 |  4- 6 |  7- 9 || total
---------------------------+-------+-------+-------++-------
  Melee: Dagger            |    13 |       |       ||    13
         Trident           |    67 |   164 |    97 ||   328
         Punch             |       |     2 |       ||     2
   Cast: Summon Small Mamm |     8 |       |       ||     8
         Call Imp          |    21 |    30 |    11 ||    62
         Call Canine Famil |       |    10 |    11 ||    21
         Summon Guardian G |       |       |     7 ||     7
   Stab: Sleeping          |     7 |     5 |       ||    12
         Distracted        |     1 |     2 |     3 ||     6
 Armour: Robe              |    18 |    36 |       ||    54
         Leather armour    |       |     6 |    38 ||    44
  Dodge: Dodged            |    40 |    85 |    60 ||   185
  Block: Other             |       |    33 |    24 ||    57
